[Event "Champions Chess Tour AI Cup 2023"]
[Site "Chess.com"]
[Date "2023.09.28"]
[Round "54"]
[White "Vachier Lagrave, Maxime"]
[Black "Nepomniachtchi, Ian"]
[Result "1-0"]
[WhiteElo "2834"]
[BlackElo "2850"]
[ECO "C42"]
[EventDate "2023.??.??"]
[Annotator "rafael"]
[PlyCount "103"]
[Beauty "6877316385289"]
[EventType "team-tourn"]
[TimeControl "900+3"]

1.e4 e5 2.Nf3 Nf6 3.Nxe5 d6 4.Nd3 {The rarest of the knight retreats in this position of the Petroff Defense. White's idea is to exchange queens and press an endgame that is close to equality. Honestly, it's a choice closer to Carlsen's style than Vachier-Lagrave's, but the French GM will show that he can play technical endgames with the same skill he plays dynamic middlegames.} 4...Nxe4 5.Qe2 Qe7 6.Nf4 Nf6 7.d4 Qxe2+ 8.Bxe2 {Examining the results of the games played by strong grandmasters in this position, I get the impression that White's performance is much better than the computer's evaluation indicates. This shows that it's not so simple to defend the endgame.} 8...Nc6 9.c3 d5 10.f3 {A useful move, freeing the f2-square for the king and taking the e4-square from Black's knight.} 10...Nd8 $1 {[%c_effect d8;square;d8;type;GreatFind;persistent;true] An excellent move. The knight is not doing much on c6, so it's repositioned and the pawn moves to the square, reinforcing the center.} 11.Kf2 {Already a new move.} ( 11.g4 Ne6 12.h4 Bd6 13.Nxe6 Bxe6 {with a good position for Black in Deac-Li, Changsha 2019.} ) 11...Bd6 12.Na3 c6 ( 12...Bxa3 $2 {[%c_effect a3;square;a3;type;Mistake;persistent;true] is a big positional mistake. The bishop is much more important than the supposed weakness in White's pawn structure.} 13.bxa3 ) 13.Nc2 Bf5 ( 13...Ne6 {also leads to an equal position.} ) 14.Nd3 h5 {It's not clear that this move is better than the more timid pawn advance to h6.} ( 14...h6 ) 15.Bg5 ( 15.h4 {is interesting, fixing the kingside structure.} ) 15...Nd7 {Black doesn't need to be too worried about the capture on f6.} ( 15...Ne6 16.Bxf6 gxf6 {despite the damaged pawn structure, Black is active enough.} ) ( 15...h4 {is also possible.} ) 16.Ne3 Bh7 17.Bf4 Ke7 18.Bxd6+ Kxd6 19.Nf4 h4 20.g3 {White tries to open the h-file to put pressure on the kingside.} 20...g5 21.Nfg2 {A critical moment.} 21...h3 $6 {[%c_effect h3;square;h3;type;Inaccuracy;persistent;true] This move creates long-term problems for Black, as the h3-pawn becomes a weakness that will be a constant headache. There are two good alternatives.} ( 21...Ne6 {is an interesting pawn sacrifice:} 22.gxh4 gxh4 23.Nxh4 Nf4 {with good compensation.} ) ( 21...hxg3+ {is a more solid choice that is also better than the move played in the game.} 22.hxg3 Ne6 ) 22.Ne1 Ne6 23.Bd3 $1 {[%c_effect d3;square;d3;type;GreatFind;persistent;true] Controlling the f5-square.} 23...Raf8 ( 23...Ng7 $1 {[%c_effect g7;square;g7;type;GreatFind;persistent;true] is a better defense, preventing a white piece from going to f5.} ) 24.Bf5 ( 24.Bxh7 {is also possible:} 24...Rxh7 25.Nf5+ Kc7 26.Nd3 {And White has an advantage.} ) 24...Bg8 $6 {[%c_effect g8;square;g8;type;Inaccuracy;persistent;true] Not all ugly moves are bad, but this one is. It's better to capture the bishop.} ( 24...Bxf5 25.Nxf5+ Kc7 ) 25.Nd3 Ng7 26.Bxd7 {White has many tempting options and it's not easy to play in the most accurate way.} ( 26.Rhe1 {keeps the initiative after} 26...Bh7 27.Bxh7 Rxh7 28.c4 $1 ) 26...Kxd7 27.Ng4 {It's probably better to bring the rook to e1 or start advancing the queenside in order to create weaknesses in Black's position.} ( 27.Rhe1 ) ( 27.a4 ) 27...f6 ( 27...Kd6 $1 {[%c_effect d6;square;d6;type;GreatFind;persistent;true] is better.} ) 28.Nc5+ ( 28.a4 {This is the plan that White has to adopt sooner or later. Now is a good time to start.} ) 28...Kc8 29.Rhe1 Rh7 $2 {[%c_effect h7;square;h7;type;Mistake;persistent;true] This is a clear mistake. The knight should be attacked immediately.} ( 29...b6 $1 30.Nd3 ( 30.Re7 {is not dangerous after} 30...Rf7 ) 30...Kd7 31.a4 Bh7 {with good chances of equalizing.} ) 30.Re2 $6 ( 30.a4 $1 {[%c_effect a4;square;a4;type;GreatFind;persistent;true] is more incisive. The idea is to push the pawn to a5, breaking up Black's position, since sooner or later he will need to play b7-b6 to expel the knight.} 30...b6 31.Nd3 {followed by a4-a5. If Black tries to avoid this with} 31...a5 {then} 32.b4 $1 {[%c_effect b4;square;b4;type;GreatFind;persistent;true] opening the queenside.} ) 30...b6 31.Nd3 Kd7 ( 31...Be6 $1 {[%c_effect e6;square;e6;type;GreatFind;persistent;true] is more stubborn.} 32.Rae1 Kd7 {with a defensible position.} ) 32.a4 $1 a5 $2 {[%c_effect a5;square;a5;type;Mistake;persistent;true] The fatal mistake. There's no way to defend the queenside now.} ( 32...Kd6 33.a5 Nf5 {offers more chances of resistance.} ) 33.b4 $1 axb4 34.Nxb4 {a4-a5 is coming and Black's king is very insecure. Black's pieces are poorly placed on the kingside. Vachier Lagrave achieves the type of position he loves so much, with initiative and an attack.} 34...c5 ( 34...Kd6 35.a5 bxa5 36.Rxa5 {and the attack persists.} ) 35.Nd3 ( 35.dxc5 {is also winning:} 35...bxc5 36.Na6 Kc6 37.Rb1 {Preparing to double rooks on the b-file or take the knight to b8.} ) 35...cxd4 36.cxd4 Ne6 37.Rb2 $1 Nxd4 38.Rxb6 {All the white pieces are able to participate in the attack.} 38...Re7 39.Ra2 {A solid and practical choice for a rapid game, preventing the black rook from going to e2.} ( 39.a5 {is good enough, simply pushing the passed pawn.} ) ( 39.Nxf6+ $2 {[%c_effect f6;square;f6;type;Mistake;persistent;true] is wrong:} 39...Rxf6 $1 40.Rxf6 Re2+ 41.Kg1 Ke7 $1 {[%c_effect e7;square;e7;type;GreatFind;persistent;true] Suddenly Black achieves counterplay.} ) 39...Be6 40.Ne3 Ra8 ( 40...Rc8 {creates more practical chances and requires precise play by White.} 41.a5 Nxf3 $5 {[%c_effect f3;square;f3;type;Interesting;persistent;true] A tricky idea.} 42.Kxf3 d4 43.Rxe6 $1 Rxe6 ( 43...Kxe6 44.Nc2 ) 44.Nd5 $1 {[%c_effect d5;square;d5;type;GreatFind;persistent;true] with a winning advantage.} ) 41.a5 Ke8 42.a6 Kf7 43.Nc5 {Black has fallen into tremendous passivity. There is no longer any doubt about the final result.} 43...Raa7 44.Rd2 Rec7 45.Nb7 $1 {[%c_effect b7;square;b7;type;GreatFind;persistent;true] A nice way to finish the game. White wins material.} 45...Nc6 46.Rxc6 $1 Rxc6 47.Nd8+ Kg7 48.Nxc6 Rxa6 49.Nd4 Bf7 50.g4 Kg6 51.Kg3 Ra3 52.Nef5 1-0

[Event "Champions Chess Tour AI Cup 2023"]
[Site "Chess.com"]
[Date "2023.09.29"]
[Round "5"]
[White "Carlsen, Magnus"]
[Black "Vachier Lagrave, Maxime"]
[Result "0-1"]
[WhiteElo "2920"]
[BlackElo "2867"]
[ECO "D20"]
[EventDate "2023.??.??"]
[Annotator "rafael"]
[PlyCount "114"]
[Beauty "6533719022147"]
[EventType "team-tourn"]
[TimeControl "900+3"]

1.d4 d5 2.c4 dxc4 3.e4 e5 4.Nf3 Bb4+ 5.Nc3 Nf6 $5 {[%c_effect f6;square;f6;type;Interesting;persistent;true] A modern alternative to the more popular 5...exd4.} 6.Nxe5 b5 7.f3 O-O 8.a3 Ba5 9.Be3 {This natural move is a theoretical novelty.} ( 9.a4 {was discussed in two important classical games this year.} 9...a6 ( 9...c5 $2 10.dxc5 Qe8 11.axb5 $1 Bxc3+ 12.bxc3 Qxe5 13.Qd4 {A beautiful position in which the pawns are stronger than the piece. White has a clear advantage. Maghsoodloo-Van Foreest, Tata Steel-A Wijk aan Zee 2023.} ) 10.Be2 Nfd7 {This transposes to a position that will be mentioned in the next comment.} ) 9...c5 $1 {[%c_effect c5;square;c5;type;GreatFind;persistent;true] This same position was played in the third game of the first match between them. On that occasion, Vachier-Lagrave chose 9...Nfd7, a move that is not quite in his spirit. I wonder if he had time to check the sharper variation with 9...c5 to play this game.} ( 9...Nfd7 10.Nxd7 Nxd7 11.Be2 a6 12.O-O Bb7 13.a4 c6 14.e5 {with an advantage for White in Carlsen-Vachier-Lagrave, Champion Chess Tour AI Cup 2023 (3rd match game).} ( 14.Qe1 f5 $1 {[%c_effect f5;square;f5;type;GreatFind;persistent;true] with counterplay in Firouzja-Mamedyarov, Norway Chess Stavanger 2023.} ) ) 10.dxc5 Qe8 $1 {[%c_effect e8;square;e8;type;GreatFind;persistent;true] The only way to justify Black's play.} 11.Qd6 Be6 {Both players were blitzing their moves in what was obviously preparation. Not only that: recently reviewed preparation.} 12.O-O-O Qc8 {The dance with the queen has a good justification. Black has prepared both ...Bc7 and ...Rd8.} 13.Nxb5 $1 {[%c_effect b5;square;b5;type;GreatFind;persistent;true] This is a queen sacrifice.} ( 13.Qd2 {is just too passive.} ) 13...a6 14.Nd4 Bc7 15.Nxe6 Bxd6 16.Rxd6 fxe6 17.Bxc4 Re8 18.c6 {This is incredibly long preparation by both sides, since the players had more time here than when they started the game.} 18...Re7 {A curious material imbalance appears on the board: queen against bishop and three pawns. You don't need to be good at math to know that Black has the material advantage, but his pieces are not playing. Vachier-Lagrave always looks for the most active solution and decides to return part of the material. He still had this prepared.} 19.Bb6 Nbd7 $1 20.cxd7 Nxd7 21.Nc6 Re8 $6 {[%c_effect e8;square;e8;type;Inaccuracy;persistent;true] Vachier-Lagrave finally forgets his preparation. At least it's good to know that he is (sometimes) human.} ( 21...Kh8 $1 {[%c_effect h8;square;h8;type;GreatFind;persistent;true] is the computer suggestion. The game remains totally unclear after} 22.Ba5 ) 22.Be3 Qc7 23.Rhd1 Nf8 24.Kb1 {The white pieces are very active and superior to the queen, but it's clear that the position remains very complicated.} 24...Kh8 25.h4 {Carlsen decides to calmly advance the kingside pawns.} ( 25.e5 {reinforces the position and in future the maneuver Bd3-e4 can be played, improving the position further. White has the advantage.} ) 25...h6 26.g4 $6 ( 26.e5 {again is possible.} ) 26...Qf7 $1 {[%c_effect f7;square;f7;type;GreatFind;persistent;true] I'm impressed by the French GM's ability to calculate quickly in very complicated positions, always fighting for the initiative and looking for active options. When I broadcast his games, I often expect the evaluation to fluctuate after a risky move, only to be shocked when I realize he made the move recommended by the machine. This happened many times in these two final matches against Carlsen.} 27.Ne5 $6 ( 27.Be2 {is better, but it's difficult to play such a move instead of attacking the queen.} ) 27...Qf6 {Attacking both the knight and the h4-pawn.} 28.Bd4 Qxh4 ( 28...Rad8 {is a worthy alternative, but why not just pick up the pawn $2} ) 29.Bxe6 $1 {[%c_effect e6;square;e6;type;GreatFind;persistent;true] Carlsen is up to the challenge. This is possible due to the fork on g6.} 29...Qh2 ( 29...Rxe6 {is also interesting:} 30.Rxe6 Kh7 ( {Of course not} 30...Nxe6 $4 31.Ng6+ ) 31.Rd6 Re8 {with a chaotic position.} ) 30.Bd5 Kh7 ( 30...Rac8 31.Nf7+ Kh7 32.Ka2 {The white bishops, both centralized, make a nice impression. The e-pawn is ready to be advanced. In practice I find White's position easier to play, but having an extra queen on the board always offers hope.} ) 31.g5 $2 {[%c_effect g5;square;g5;type;Mistake;persistent;true] Carlsen rightly regretted this move.} ( 31.Nf7 $5 Rac8 32.Ka2 {leads to the position seen above.} ) ( 31.Bxa8 {is a safe option.} 31...Rxa8 {With rook, bishop, and two pawns for the queen, White feels safe. It's difficult to prove an advantage, however.} ) 31...Rac8 $1 {[%c_effect c8;square;c8;type;GreatFind;persistent;true] This was certainly missed. Black threatens 32...Qc2+.} 32.Rc6 Rxc6 33.Nxc6 hxg5 $2 {[%c_effect g5;square;g5;type;Mistake;persistent;true] A serious innacuracy.} ( 33...h5 $1 {[%c_effect h5;square;h5;type;GreatFind;persistent;true] is better, when it's impossible for White to cope with the advance of the h-pawn.} ) 34.Bf7 ( 34.e5 $1 {[%c_effect e5;square;e5;type;GreatFind;persistent;true] gives better chances.} ) 34...Rc8 35.Be5 $2 ( 35.Bd5 {The bishop has to go back.} ) 35...Qg2 {White's pieces were uncoordinated now.} 36.Nd4 g4 {I was certain that Vachier-Lagrave would play this move, as it fits his style perfectly.} ( 36...Nd7 {It's important to keep this plan in mind, as it seems to be the best way for Black to convert the advantage.} 37.Bd6 Nb6 {The knight heads to c4.} ) 37.fxg4 $1 Qxe4+ {It's nearly impossible to resist the temptation of capturing this pawn with check.} ( 37...Nd7 $1 {[%c_effect d7;square;d7;type;GreatFind;persistent;true] is the most precise move, according to the machine.} 38.Bd6 Nb6 $1 {[%c_effect b6;square;b6;type;GreatFind;persistent;true] with a winning position.} ) 38.Ka2 {The bishop on e5 cannot be captured since White's rook can go to h1 in this case. Both players had just a few minutes left in this utterly complicated position.} 38...Rd8 ( 38...g6 {gives the king some air and clinches the game. A possible continuation is} 39.Bf6 Nd7 40.Ne6 Qc4+ 41.Ka1 {Now Black must play the pretty} 41...Qc1+ $1 42.Rxc1 Rxc1+ 43.Ka2 Nxf6 {with a winning endgame.} ) 39.Rf1 ( 39.Bb3 {is an interesting try, but Black should win the endgame after} 39...Qxe5 40.Nc6 Rxd1 41.Nxe5 Re1 $1 ) 39...Qg2 $2 {[%c_effect g2;square;g2;type;Mistake;persistent;true] Not even these calculating geniuses can find all the best moves with little time.} ( 39...Rd7 $1 {[%c_effect d7;square;d7;type;GreatFind;persistent;true] is winning for Black. The threat is to capture the bishop on f7.} 40.Nf3 Rxf7 41.Ng5+ Kg6 42.Nxe4 Rxf1 {The g4-pawn will soon fall.} ) 40.Rf5 $1 g6 41.Rf6 Qxg4 42.Nf3 $2 {[%c_effect f3;square;f3;type;Mistake;persistent;true] The decisive mistake. After this, Carlsen stands no chance.} ( 42.Nc6 {is necessary. A possible variation is} 42...Rd3 43.Rf4 $1 Qh3 44.Rf2 Rf3 45.Rh2 Qxh2 46.Bxg6+ $1 Kxg6 47.Bxh2 {with a draw.} ) 42...Rd3 $1 {[%c_effect d3;square;d3;type;GreatFind;persistent;true] The knight has no good squares.} 43.Bd5 Rxd5 44.Rf7+ ( 44.Rxf8 Rxe5 $1 45.Nxe5 Qe6+ ) 44...Kh6 45.Bg7+ Kh5 46.Rxf8 Qc4+ 47.b3 Qe2+ 48.Bb2 Kg4 ( 48...g5 {is also good.} ) 49.a4 Qxf3 {The simplest way.} 50.Rxf3 Kxf3 51.b4 g5 52.Kb3 g4 53.Kc4 Ke4 54.b5 axb5+ 55.axb5 g3 56.b6 g2 57.b7 Rd8 {I was deeply impressed with Vachier-Lagrave's play in this game and in the match as a whole. He is in exuberant form and his dynamic style makes his games a delight to watch.} 0-1

[Event "Champions Chess Tour Julius Generation Cup 2023"]
[Site "Chess.com"]
[Date "2023.09.01"]
[Round "3"]
[White "Carlsen, Magnus"]
[Black "Firouzja, Alireza"]
[Result "1-0"]
[WhiteElo "2931"]
[BlackElo "2815"]
[ECO "B90"]
[EventDate "2023.??.??"]
[Annotator "rafael"]
[PlyCount "91"]
[Beauty "7289633254988"]
[EventType "team-tourn"]
[EventCountry "YUG"]
[TimeControl "900+3"]

1.e4 c5 2.Nf3 d6 3.d4 cxd4 4.Nxd4 Nf6 5.Nc3 a6 6.Rg1 {This is a relatively modern move that is unmistakably intended to put a pawn on g4, a strategy that White normally begins with f3 or h3. But why not support this advance with the rook $2 Several of the best chess players in the world have attempted this ambitious idea, including Carlsen a few times previously.} 6...h5 {Firouzja has played 6...Nc6, 6...g6 and 6...e5 before. Now he tries a fourth move. Black stops g2-g4 in the most primitive way.} 7.Bg5 {The g5-square was offered and the bishop accepts the invitation.} 7...Nbd7 {Considering that Firouzja's position quickly becomes lost, it's worth seeking some improvement to his play right now.} ( 7...b5 {was played by Giri against Carlsen.} 8.a3 Bb7 9.Bxf6 gxf6 10.f4 Nc6 11.Nxc6 Bxc6 12.Qd4 e6 13.O-O-O Rb8 {with chances for both sides: Carlsen-Giri Miami (rapid) 2022.} ) 8.Bc4 ( 8.Qd2 {is a natural developing move that has been played a few times.} ) 8...g6 $2 {[%c_effect g6;square;g6;type;Mistake;persistent;true] A new move and not a good one. White's attack unfolds very quickly.} ( 8...e6 {should be preferred, even if there are scary sacrifices looming on the e6-square.} ) 9.Qd2 Bg7 10.O-O-O {White is ready to start the attack with Rge1 and f2-f4. Now Black regrets the advance of the h-pawn, since this created weaknesses on the kingside.} 10...Qc7 11.Bb3 b5 12.Rge1 O-O $2 {[%c_effect g8;square;g8;type;Mistake;persistent;true] This move loses material.} ( 12...Bb7 {is better, although White's attack is still very strong after} 13.f4 ) 13.f4 ( 13.Nd5 $1 {[%c_effect d5;square;d5;type;GreatFind;persistent;true] is simpler:} 13...Nxd5 14.Bxd5 Bb7 15.Bxe7 Rfe8 16.Bxd6 $1 Qxd6 17.Bxb7 {Black is two pawns down for no compensation.} ) 13...Nc5 ( 13...Bb7 14.f5 $1 {[%c_effect f5;square;f5;type;GreatFind;persistent;true] with a strong attack.} ) 14.Bxf6 exf6 ( 14...Bxf6 15.Nd5 {and Black's position is collapsing.} ) 15.f5 Kh7 16.Kb1 $1 {[%c_effect b1;square;b1;type;GreatFind;persistent;true] The good old Kb1 move always comes in handy, especially here when Bh6 was threatened.} 16...Bb7 17.Nd5 Nxb3 18.axb3 Bxd5 {A sad necessity.} 19.fxg6+ fxg6 20.exd5 {Now a monster knight is coming to e6.} 20...Rfe8 21.Ne6 Qf7 {At this point, White only needs to break the king's protection.} 22.g4 ( 22.Qf4 {followed by g4 is also very good.} ) 22...hxg4 23.Re4 Bh6 24.Qf2 f5 25.Rxg4 Qa7 ( 25...Rxe6 {Maybe it's better to just take this knight and stop the nightmare, although the position is also easily winning for White after} 26.dxe6 Qxe6 27.Rh4 ) 26.Rgd4 $1 a5 27.Qh4 {Preparing a pretty mate.} 27...Qe7 ( 27...a4 $2 28.Qxh6+ $1 Kxh6 29.Rh4# ) 28.Qh3 Qf6 29.Rh4 g5 30.Rh5 g4 31.Qd3 Kg6 32.Rf1 $1 {[%c_effect f1;square;f1;type;GreatFind;persistent;true] White wins material.} 32...Kxh5 ( 32...Rf8 33.Rfxf5 Qxf5 34.Rxf5 Rxf5 35.Nd4 {with an easy win.} ( 35.Qxb5 ) ) 33.Rxf5+ Qxf5 34.Qxf5+ Kh4 35.Qf2+ Kh5 36.h3 Rg8 ( 36...gxh3 37.Qg3 ) 37.hxg4+ Rxg4 38.Qh2+ Rh4 39.Qxd6 {Queen and knight are a powerful combination, especially when attacking the opponent's king with two pawns up. Further comments are unnecessary.} 39...a4 40.Qe5+ Kg6 41.Qg3+ Kh5 42.Qf3+ Kg6 43.d6 Ra7 44.Qd3+ Kf6 45.d7 Rh1+ 46.Ka2 1-0